 Dungeon Crawl Stone Soup version 0.19-a0-1608-g4cf22de (webtiles) character file.

156 Alarkh the Grave Robber (level 5, -16/35 HPs)
             Began as a Mummy Necromancer on Sept 17, 2016.
             Demolished by an ogre
             ... wielding a +0 giant club
              (27 damage)
             ... on level 4 of the Dungeon.
             The game lasted 00:03:31 (2495 turns).

Alarkh the Grave Robber (Mummy Necromancer)         Turns: 2495, Time: 00:03:32

Health: -16/35     AC:  2    Str: 11    XL:     5   Next: 14%
Magic:  0/10       EV: 12    Int: 16    God:
Gold:   176        SH:  0    Dex: 12    Spells: 3 memorised, 3 levels left

rFire  x . .     SeeInvis .     j - +1 mace (crush)
rCold  + . .     Gourm    .     o - -2 robe (curse)
rNeg   + + +     Faith    .     (no shield)
rPois  ∞         Spirit   .     (no helmet)
rElec  .         Dismiss  .     m - +0 cloak
rCorr  .         Reflect  .     c - +0 pair of gloves
MR     .....     Harm     .     (no boots)
Stlth  ++........               (no amulet)
                                (no ring)
                                (no ring)

@: no status effects
A: no food or potions, fire vulnerability, cold resistance 1, negative energy
resistance 3, torment resistance, unbreathing
a: no special abilities


You were on level 4 of the Dungeon.
You were not hungry.

You visited 1 branch of the dungeon, and saw 4 of its levels.

You collected 176 gold pieces.

Inventory:

Hand Weapons
 d - a +0 dagger
 j - a +1 mace of crushing (weapon)
Missiles
 g - a throwing net (quivered)
Armour
 a - a +0 robe
 c - a +0 pair of gloves (worn)
 m - a +0 cloak (worn)
 o - a cursed -2 robe (worn)
Scrolls
 e - a scroll of identify
 f - a scroll of enchant armour
 h - a scroll of immolation
 i - a scroll of blinking
 k - a scroll of noise
 l - a scroll of recharging {unknown}
 n - a scroll of remove curse {unknown}
 p - a scroll of amnesia {unknown}
Books
 b - a book of Necromancy

   Spells                             Type                      Level
   a - Pain                           Necromancy                   1
   b - Animate Skeleton               Necromancy                   1
   c - Vampiric Draining              Necromancy                   3
   d - Regeneration                   Charms/Necromancy            3
   e - Animate Dead                   Necromancy                   4
   f - Control Undead                 Necromancy                   4


   Skills:
 - Level 1.5 Dodging
 - Level 1.5 Stealth
 + Level 3.7 Spellcasting
 + Level 5.4 Necromancy


You had 3 spell levels left.
You knew the following spells:

 Your Spells              Type           Power        Failure   Level  Hunger
a - Pain                  Necr           ###.         1%          1    N/A
b - Vampiric Draining     Necr           ###.......   8%          3    N/A
c - Control Undead        Necr           ###.......   21%         4    N/A

Dungeon Overview and Level Annotations

Branches:
Dungeon (4/15)
 Temple: D:4-7

Altars:


Innate Abilities, Weirdness & Mutations

You do not eat or drink.
Your flesh is vulnerable to fire.
You are immune to poison.
Your flesh is cold resistant. (rC+)
You are immune to negative energy. (rN+++)
You are immune to unholy pain and torment.
You can survive without breathing.


Message History

Aim: an ogre, wielding a giant club (moderately wounded)
The ogre is severely wounded.
You feel life coursing into your body. The ogre hits you with a giant club!!
Ouch! That really hurt!
* * * LOW HITPOINT WARNING * * *
Casting: Vampiric Draining
Confirm with . or Enter, or press ? or * to list all spells.
Aiming: Vampiric Draining
Press: ? - help, Shift-Dir - straight line, f/p - ogre
Aim: an ogre, wielding a giant club (severely wounded)
The ogre is almost dead.
You feel life coursing into your body. The ogre barely misses you.
Casting: Vampiric Draining
Confirm with . or Enter, or press ? or * to list all spells.
Aiming: Pain
Press: ? - help, Shift-Dir - straight line, f/p - ogre
Aim: an ogre, wielding a giant club (almost dead, chance to defeat MR: 80%)
The ogre writhes in agony!
The ogre hits you with a giant club!!
Ouch! That really hurt!
You die...

.# .# .# #
.# #. .#
#.# .#
#####..#.##
....>.O@..#
######.#.##
#. ## #. ..
##


You could see an ogre.

Vanquished Creatures
  An iguana (D:4)
  5 adders
  An ooze (D:3)
  3 worms
  5 leopard geckos
  An orc (D:3)
  A ball python (D:2)
  2 giant cockroaches
  11 hobgoblins
  5 jackals
  9 kobolds
  3 quokkas (D:2)
  7 bats
  5 frilled lizards
  3 goblins
  4 rats
66 creatures vanquished.

Notes
Turn   | Place    | Note
-------+----------+-------------------------------------------
     0 | D:1      | Alarkh the Mummy Necromancer began the quest for the Orb.
     0 | D:1      | Reached XP level 1. HP: 13/13 MP: 3/3
   237 | D:1      | Reached XP level 2. HP: 19/19 MP: 1/5
   917 | D:2      | Reached XP level 3. HP: 8/24 MP: 0/7
   991 | D:2      | Learned a level 3 spell: Vampiric Draining
  1313 | D:2      | Reached XP level 4. HP: 20/30 MP: 1/8
  1641 | D:3      | Learned a level 4 spell: Control Undead
  1657 | D:3      | Reached skill level 5 in Necromancy
  2417 | D:4      | Reached XP level 5. HP: 35/35 MP: 5/10
  2491 | D:4      | Noticed an ogre
  2495 | D:4      | Demolished by an ogre

Vault maps used:
D:1:      dpeg_arrival_solitude, minmay_tripent
D:3:      first_bread, minmay_misc_feat_ornament, hangedman_decor_slide_cut

Skill      XL: |  1  2  3  4 |
---------------+-------------+-----
Spellcasting   | 3 |  3.7
Necromancy     | 5 |  5.4
Dodging        | |  1.5
Stealth        | |  1.5

Action                   |  1- 3 |  4- 6 || total
-------------------------+-------+-------++-------
Melee: Unarmed           |     6 |       ||     6
       Dagger            |    10 |       ||    10
       Mace              |     8 |    19 ||    27
 Cast: Pain              |    69 |    78 ||   147
       Vampiric Draining |       |     3 ||     3
  Use: Scroll            |       |     4 ||     4
 Stab: Sleeping          |     1 |       ||     1
Armor: Robe              |     6 |     4 ||    10
Dodge: Dodged            |    26 |    47 ||    73
